 Dungeon Crawl Stone Soup version 0.20.1-1-g8b1a95d (webtiles) character file.

87 dohliylev the Covert (level 4, -1/33 HPs)
             Began as a Vampire Assassin on Aug 18, 2017.
             Slain by an adder (3 damage)
             ... on level 2 of the Dungeon.
             The game lasted 00:07:02 (1384 turns).

dohliylev the Covert (Vampire Assassin)             Turns: 1384, Time: 00:07:03

Health: -1/33      AC:  4    Str: 10    XL:     4   Next: 28%
Magic:  4/4        EV: 11    Int: 13    God:
Gold:   106        SH:  3    Dex: 16    Spells: 3/3 levels left

rFire    . . .     SeeInvis +   a - +2 dagger
rCold    . . .     Gourm    .   n - +0 buckler
rNeg     . . .     Faith    .   c - +0 robe
rPois    .         Spirit   .   l - +0 helmet
rElec    .         Reflect  .   d - +0 cloak
rCorr    .         Harm     .   (no gloves)
MR       .....                  (no boots)
Stlth    ++++......             (no amulet)
Regen    0.4/turn               (no ring)
MPRegen  0.1/turn               (no ring)

@: lethally poisoned (-1 -> -2), regenerating quickly
A: fangs 3, see invisible, unbreathing
a: no special abilities


You were on level 2 of the Dungeon.
You were very full.

You visited 1 branch of the dungeon, and saw 2 of its levels.

You collected 106 gold pieces.

Inventory:

Hand Weapons
 a - a +2 dagger (weapon)
 b - a +0 blowgun
Missiles
 e - 8 poisoned needles
 f - 2 curare-tipped needles
Armour
 c - a +0 robe (worn)
 d - a +0 cloak (worn)
 l - a +0 helmet (worn)
 n - a +0 buckler (worn)
 o - a +1 cloak
Scrolls
 i - 3 scrolls of identify
 k - 2 scrolls of random uselessness
Potions
 g - 7 potions of blood
 h - a potion of brilliance {unknown}
 j - 2 potions of mutation {unknown}


   Skills:
 + Level 2.0 Fighting
 + Level 2.9 Short Blades
 + Level 1.6 Throwing
 + Level 1.4 Dodging
 * Level 8.0 Stealth


You had 3 spell levels left.
You didn't know any spells.

Dungeon Overview and Level Annotations

Branches:
Dungeon (2/15)

Altars:
Xom
The Shining One


Innate Abilities, Weirdness & Mutations

Your natural rate of healing is unusually fast.
You have razor-sharp teeth.
You have supernaturally acute eyesight. (SInv)
You can survive without breathing.


Message History

The giant cockroach bites you but does no damage.
The adder bites you.
* * * LOW HITPOINT WARNING * * *
As you read the scroll labeled CAHYGY OTOOWN, it crumbles to dust.
It is a scroll of identify.
k - 2 scrolls of random uselessness The giant cockroach waves its antennae.
You block the giant cockroach's attack. The adder bites you but does no damage.
The giant cockroach bites you but does no damage.
As you read the scroll of identify, it crumbles to dust.
m - a scroll of immolation The adder bites you.
* * * LOW HITPOINT WARNING * * *
You are poisoned.
The adder poisons you! The giant cockroach barely misses you.
As you read the scroll of immolation, it crumbles to dust.
The creatures around you are filled with an inner flame!
* * * LOW HITPOINT WARNING * * *
You feel sick. The adder bites you.
You die...

#. #. #...# ..
#.####. #...##.
####...... #.....
.......... #....
.....##.##
#..g######...##.#.
#..##....##.....g.
#S##......####g...
#@#.?s.g...!.#.###
#s#ss......#...# #
#s#.ss.ss.!#..## #
#sb.bs.[...#### #
####s.)...## ####
##....##.# #...
#######..##.##
#....## ##...#.


You could see an adder (inner flame), 3 giant cockroaches, a goblin (inner
flame) and a bat (inner flame).

Vanquished Creatures
  Robin (D:1)
  2 gnolls (D:2)
  A leopard gecko (D:2)
  6 bats (D:1)
  4 giant cockroaches
  15 goblins
  8 hobgoblins
  2 kobolds
  6 frilled lizards
  5 rats (D:1)
50 creatures vanquished.

Notes
Turn   | Place    | Note
-------+----------+-------------------------------------------
     0 | D:1      | dohliylev the Vampire Assassin began the quest for the Orb.
     0 | D:1      | Reached XP level 1. HP: 16/16 MP: 1/1
    49 | D:1      | Reached skill level 6 in Stealth
   117 | D:1      | Reached XP level 2. HP: 21/22 MP: 2/2
   447 | D:1      | Reached skill level 7 in Stealth
   705 | D:2      | Noticed Robin
   718 | D:2      | Reached XP level 3. HP: 15/27 MP: 3/3
   773 | D:1      | Killed Robin
  1104 | D:2      | Found a shimmering altar of Xom.
  1124 | D:2      | Found a glowing golden altar of the Shining One.
  1238 | D:2      | Reached XP level 4. HP: 31/33 MP: 4/4
  1381 | D:2      | Reached skill level 8 in Stealth
  1384 | D:2      | Slain by an adder

Skill      XL: |  1  2  3  4 |
---------------+-------------+-----
Stealth        | 6 7 8 |  8.0
Fighting       | 2 |  2.0
Short Blades   | |  2.9
Throwing       | |  1.6
Dodging        | |  1.4

Action                   |  1- 3 |  4- 6 || total
-------------------------+-------+-------++-------
Melee: Dagger            |   126 |    49 ||   175
       Bite              |    12 |     5 ||    17
  Use: Scroll            |       |     3 ||     3
       Potion            |       |     1 ||     1
 Stab: Sleeping          |     4 |       ||     4
  Eat: Corpse            |    11 |       ||    11
Armor: Robe              |    20 |    32 ||    52
Dodge: Dodged            |    67 |    46 ||   113
Block: Buckler           |     2 |    14 ||    16
